 Dungeon Crawl Stone Soup version 0.30-a0-140-gd1020e658a (webtiles) character file.

Game seed: 12749054608939149009

10084 greasedhog the Covert (level 11, -13/63 HPs)
             Began as a Gargoyle Enchanter on Sept 24, 2022.
             Was a Believer of Dithmenos.
             Mangled by a death yak (20 damage)
             ... on level 10 of the Dungeon.
             The game lasted 00:23:13 (11374 turns).

greasedhog the Covert (Gargoyle Enchanter)         Turns: 11374, Time: 00:23:14

Health: -13/63     AC: 16    Str: 12    XL:     11   Next: 56%
Magic:  14/14      EV: 11    Int: 16    God:    Dithmenos [**....]
Gold:   625        SH:  5    Dex: 14    Spells: 4/14 levels left

rFire   + . .      SeeInvis .    a - +2 dagger (venom)
rCold   . . .      Faith    .    (no shield)
rNeg    + . .      Spirit   .    B - +0 acid dragon scales
rPois   ∞          Reflect  +    (no helmet)
rElec   +          Harm     .    m - +0 cloak
rCorr   +          Rampage  .    (no gloves)
Will    .....                    w - +0 pair of boots
Stlth   +++++++...               k - amulet "Duzupo" {Reflect Fragile +Inv rF+ SH+5 Stlth+}
HPRegen 0.20/turn                o - +4 ring of slaying
MPRegen 0.14/turn                c - +4 ring of slaying

@: wreathed by umbra
A: sickness immunity, AC +8, negative energy resistance 1, electricity
resistance, torment resistance 1, petrification resistance
a: Renounce Religion, Evoke Invisibility, Shadow Step


You were on level 10 of the Dungeon.
You worshipped Dithmenos.
Dithmenos was pleased with you.
You visited 2 branches of the dungeon, and saw 11 of its levels.

You collected 625 gold pieces.

Inventory:

Hand Weapons
 a - a +2 dagger of venom (weapon)
Armour
 m - a +0 cloak (worn)
 w - a +0 pair of boots (worn)
 A - a +0 pair of gloves
 B - +0 acid dragon scales (worn)
Jewellery
 c - a +4 ring of slaying (right hand)
 k - the amulet "Duzupo" (around neck) {Reflect Fragile +Inv rF+ SH+5 Stlth+}
   (You acquired it on level 3 of the Dungeon)

   [amulet of reflection]

   It reflects blocked missile attacks.
   rF:        It protects you from fire.
   +Inv:      It lets you turn invisible.
   Fragile:   It will be destroyed if unequipped.
   SH:        It affects your SH (+5).
   Stlth:     It makes you more stealthy.
 o - a +4 ring of slaying (left hand)
Wands
 b - a wand of flame (53)
Scrolls
 f - 3 scrolls of enchant armour
 i - 2 scrolls of torment {unknown}
 p - a scroll of poison
 u - a scroll of magic mapping
 v - a scroll of enchant weapon {unknown}
 x - 3 scrolls of teleportation
 y - a scroll of butterflies {unknown}
 z - a scroll of amnesia {unknown}
Potions
 d - a potion of attraction
 e - 3 potions of flight
 g - a potion of resistance {unknown}
 h - a potion of invisibility
 j - 6 potions of curing
 l - 4 potions of heal wounds
 n - 2 potions of mutation {unknown}
 r - 2 potions of haste {unknown}
 s - a potion of ambrosia {unknown}
 t - a potion of cancellation {unknown}


   Skills:
 - Level 5.1 Fighting
 * Level 9.3 Short Blades
 - Level 1.5 Dodging
 * Level 12.5 Stealth
 - Level 2.0 Spellcasting
 - Level 8.1 Hexes
 * Level 2.5 Translocations
 * Level 3.6 Ice Magic


You had 4 spell levels left.
You knew the following spells:

 Your Spells              Type           Power      Damage    Failure   Level
a - Ensorcelled Hibernat  Hex/Ice        40%        N/A       4%          2
b - Confusing Touch       Hex            27%        N/A       3%          3
c - Blink                 Tloc           18%        N/A       17%         2
d - Tukima's Dance        Hex            27%        N/A       3%          3

Your spell library contained the following spells:

 Spells                   Type           Power      Damage    Failure   Level
 Apportation              Tloc           18%        N/A       11%         1
 Dazzling Flash           Conj/Hex       28%        N/A       19%         3
 Sting                    Tmut/Pois      4%         1d3       30%         1
 Gell's Gravitas          Tloc           9%         N/A       32%         3
 Lesser Beckoning         Tloc           9%         N/A       32%         3
 Teleport Other           Tloc           9%         N/A       32%         3
 Poisonous Vapours        Pois/Air       2%         N/A       43%         2
 Manifold Assault         Tloc           9%         N/A       73%         4
 Animate Armour           Summ/Erth      2%         N/A       97%         4
 Olgreb's Toxic Radiance  Pois           1%         N/A       97%         4
 Alistair's Intoxication  Tmut/Pois      0%         N/A       100%        5
 Blade Hands              Tmut           0%         N/A       100%        5
 Dispersal                Tloc           4%         N/A       100%        6
 Iron Shot                Conj/Erth      0%         9d1       100%        6


Dungeon Overview and Level Annotations

Branches:
Dungeon (10/15)            Temple (1/1) D:7            Lair (0/5) D:10
    Orc: D:9-12

Altars:
Ashenzari
Cheibriados
Dithmenos
Elyvilon
Fedhas
Gozag
Hepliaklqana
Kikubaaqudgha
Makhleb
Nemelex Xobeh
Okawaru
Qazlal
Ru
Sif Muna
Trog
Uskayaw
Vehumet
Wu Jian
Xom
Yredelemnul
Zin
The Shining One

Shops:
D:7 *


Innate Abilities, Weirdness & Mutations

You are immune to sickness and miasma.
Your stone body is resilient. (AC +8)
You are immune to poison.
You resist negative energy. (rN+)
You are resistant to electric shocks. (rElec)
You are resistant to unholy torment.
You are immune to petrification.


Message History

The orc wizard hits you but does no damage.
The orc wizard attacks as you move away!
The orc wizard hits you but does no damage.
As you open the door, it creaks loudly! The death yak barely misses you.
The orc wizard hits you but does no damage.
The death yak attacks as you move away! The death yak gores you!!
* * * LOW HITPOINT WARNING * * *
There is an open door here.
As you read the scroll of fear, it crumbles to dust.
You assume a fearsome visage.
The death yak looks frightened! x2
The river rat looks frightened!
The orc wizard looks frightened!
The acid dragon looks frightened!
The orc wizard gestures wildly while chanting.
The orc wizard flickers and vanishes!
Deactivating autopickup; reactivate with Ctrl-A.
You open the door.
There is an open door here.
The death yak bellows!
You feel much better. The death yak gores you!
The orc shouts!
The orc completely misses you.
The orc throws a stone.
The stone hits you but does no damage. The death yak gores you.
The death yak attacks as you move away! The death yak gores you!!
* * * LOW HITPOINT WARNING * * *
You feel much better. The death yak gores you.
As you read the scroll of fear, it crumbles to dust.
You assume a fearsome visage.
The death yak resists with some effort.
The orc looks frightened!
The death yak barely misses you. The death yak attacks as you move away!
The death yak gores you!
You hit the death yak but do no damage.
The death yak is poisoned.
The death yak gores you!
* * * LOW HITPOINT WARNING * * *
Okay, then.
As you read the scroll of fear, it crumbles to dust.
You assume a fearsome visage.
The death yak resists with almost no effort.
The death yak gores you!!
You die...

#########'### #####.# ##
##.....# .# #..#####
'#### ##'######
....#######.......#
....'.....#.......#
....#####.#.......#
....# #.'....Y@<# ....#
###.......# ### #####
#.......# ##.. ## #
##.......######..###..#
#
#.....................#
#
#.#................#..#
#..##............##...#
#..#.#..........#.#...#
#...#.##......##.#....##


You could see a death yak (very poisoned).

Vanquished Creatures
  Amaemon (D:8)
  An orange demon (D:8)
  A kobold demonologist (D:6)
  2 trolls
  Prince Ribbit (D:8)
  A wyvern (D:7)
  Sigmund (D:3)
  17 yaks
  A steam dragon (D:7)
  4 acid dragons
  6 water moccasins
  5 orc warriors
  5 sky beasts
  2 ice beasts
  3 ogres
  4 centaurs
  2 phantoms
  2 kobold brigands
  8 bullfrogs
  A gnoll sergeant (D:9)
  2 necrophages (D:6)
  6 scorpions
  3 killer bees (D:9)
  A howler monkey (D:6)
  An electric eel (D:7)
  A gnoll bouda (D:8)
  4 jellies
  3 orc priests
  5 hounds
  7 iguanas
  11 orc wizards
  Natasha (twice) (D:2)
  2 hell rats (D:10)
  7 gnolls
  2 river rats (D:6)
  11 adders
  A white imp (D:7)
  2 ufetubi
  2 worms
  3 dart slugs
  26 orcs
  6 endoplasms
  5 giant cockroaches
  5 goblins
  4 hobgoblins
  14 jackals
  7 quokkas
  4 ball pythons
  4 bats
  4 frilled lizards
  8 kobolds
  4 rats
235 creatures vanquished.

Notes
Turn   | Place    | Note
-------+----------+-------------------------------------------
     0 | D:1      | greasedhog the Gargoyle Enchanter began the quest for the
                  | Orb.
     0 | D:1      | Reached XP level 1. HP: 10/10 MP: 3/3
    99 | D:1      | Reached skill level 1 in Short Blades
   535 | D:1      | Reached XP level 2. HP: 16/16 MP: 5/5
   728 | D:1      | Reached skill level 1 in Fighting
  1143 | D:1      | Learned a level 2 spell: Ensorcelled Hibernation
  1440 | D:2      | Reached XP level 3. HP: 20/20 MP: 6/6
  1626 | D:2      | Reached skill level 4 in Stealth
  1806 | D:2      | Noticed Natasha
  1810 | D:2      | Killed Natasha
  1811 | D:2      | Reached XP level 4. HP: 26/26 MP: 7/7
  2323 | D:2      | Noticed Natasha
  2334 | D:2      | Killed Natasha
  2456 | D:2      | Found a faded altar of an unknown god.
  2474 | D:2      | Reached XP level 5. HP: 31/31 MP: 8/8
  2832 | D:3      | Noticed Sigmund
  2859 | D:3      | Killed Sigmund
  2860 | D:3      | Reached skill level 5 in Stealth
  2860 | D:3      | Reached XP level 6. HP: 35/37 MP: 9/9
  3012 | D:3      | Learned a level 3 spell: Confusing Touch
  3144 | D:3      | Found an opulent altar of Gozag.
  3482 | D:3      | Identified a scroll of acquirement
  3496 | D:3      | Acquired the amulet "Duzupo" {Reflect Fragile +Inv rF+ SH+5
                  | Stlth+}
  3762 | D:4      | Learned a level 2 spell: Blink
  3791 | D:4      | Reached skill level 6 in Stealth
  3791 | D:4      | Reached XP level 7. HP: 44/44 MP: 10/10
  4194 | D:5      | Entered Level 5 of the Dungeon
  4194 | D:5      | Found a burning altar of Makhleb.
  4452 | D:5      | Reached skill level 5 in Fighting
  4462 | D:5      | Reached XP level 8. HP: 49/49 MP: 11/11
  4508 | D:4      | Reached skill level 7 in Stealth
  4838 | D:5      | Reached skill level 5 in Short Blades
  5370 | D:6      | Learned a level 3 spell: Tukima's Dance
  5396 | D:6      | Reached skill level 8 in Stealth
  5414 | D:6      | Noticed a kobold demonologist
  5418 | D:6      | Noticed a troll
  5428 | D:6      | Noticed a smoke demon
  5432 | D:6      | Killed a kobold demonologist
  5433 | D:6      | Reached XP level 9. HP: 32/54 MP: 9/12
  5665 | D:6      | Reached skill level 5 in Hexes
  5700 | D:6      | Reached skill level 9 in Stealth
  5899 | D:6      | Killed a troll
  6076 | D:6      | Identified the +2 ring mail "Kuiriavi" {rC+ rN+ Slay-5}
  6529 | D:7      | Reached skill level 10 in Stealth
  6557 | D:6      | Reached XP level 10. HP: 35/59 MP: 1/13
  6718 | D:7      | Found Boufaxio's Overcharged Wands.
  7248 | D:7      | Found a staircase to the Ecumenical Temple.
  7304 | Temple   | Entered the Ecumenical Temple
  7549 | Temple   | Became a worshipper of Dithmenos the Shadowed
  7838 | D:8      | Noticed Prince Ribbit
  7844 | D:8      | Killed Prince Ribbit
  7870 | D:8      | Noticed Amaemon
  7873 | D:8      | Noticed an orange demon
  7914 | D:8      | Reached skill level 11 in Stealth
  8291 | D:8      | Killed Amaemon
  8309 | D:8      | Killed an orange demon
  8840 | D:8      | Found a sacrificial altar of Ru.
  8840 | D:8      | Found a shimmering blue altar of Sif Muna.
  8840 | D:8      | Found a hide-covered altar of Uskayaw.
  8840 | D:8      | Found a stormy altar of Qazlal.
  8841 | D:8      | Found a basalt altar of Yredelemnul.
  8841 | D:8      | Found a blossoming altar of Fedhas.
  8845 | D:8      | Found a glowing golden altar of the Shining One.
  9103 | D:9      | Reached * piety under Dithmenos
  9117 | D:9      | Reached skill level 1 in Ice Magic
  9117 | D:9      | Reached XP level 11. HP: 50/63 MP: 14/14
  9159 | D:9      | Reached skill level 12 in Stealth
  9650 | D:9      | Reached skill level 1 in Translocations
 10484 | D:9      | Reached ** piety under Dithmenos
 10647 | D:10     | Entered Level 10 of the Dungeon
 10780 | D:10     | Noticed a death yak
 10782 | D:10     | Found a staircase to the Lair.
 10785 | D:10     | Noticed a death yak
 10785 | D:10     | Noticed a death yak
 11374 | D:10     | Mangled by a death yak

Illustrated notes

Levels and vault maps discovered:
D:1:      beargit_arrival_greenhouse, layout_basic
D:2:      layout_basic, chequers_ecumenical_altar_grove,
          kennysheep_generic_room_4, uniq_natasha
D:3:      minmay_chambers_of_twos, layout_loops_ring, lemuel_round_altar,
          uniq_sigmund
D:4:      layout_rooms
D:5:      dreamdust_elfheim, layout_loops_ring, lemuel_crystal_altar,
          minmay_diced_spiral
D:6:      hangedman_cross_stitches, layout_rooms, portal_sewer_entry_e,
          st_stairs_12, hangedman_abyss_or_decor_slice
D:7:      layout_rooms, minmay_temple_entry_glassed_door,
          wad_floor_pattern_untrapped, serial_bayou_pond_b,
          minmay_misc_feat_five, nicolae_shop_overcharged_wands
D:8:      layout_basic, minitemple, uniq_prince_ribbit1, uniq_amaemon
D:9:      minmay_skewed_foursquare, layout_loops_cross
D:10:     layout_roguey, dpeg_lair_monsters, minmay_misc_feat_secret_circle
Temple:   oiseaux_autumnal_temple

Skill      XL: |  1  2  3  4  5  6  7  8  9 10 11 |
---------------+----------------------------------+-----
Short Blades   | 1 2 3 4 5 7 8 9 |  9.3
Fighting       | 1 2 3 4 5 |  5.1
Stealth        | 4 5 6 8 10 11 12 | 12.5
Hexes          | 4 6 7 8 |  8.1
Ice Magic      | 1 3 |  3.6
Translocations | 2 |  2.5
Dodging        | |  1.5
Spellcasting   | |  2.0

Action                   |  1- 3 |  4- 6 |  7- 9 | 10-12 || total
-------------------------+-------+-------+-------+-------++-------
Melee: Dagger            |   103 |   113 |   272 |   427 ||   915
       Punch             |       |     2 |     3 |    19 ||    24
 Cast: Ensorcelled Hiber |       |     4 |    13 |    21 ||    38
       Confusing Touch   |       |       |     7 |    13 ||    20
       Blink             |       |       |       |     1 ||     1
       Tukima's Dance    |       |       |       |     1 ||     1
  Use: Scroll            |     4 |     4 |     1 |    11 ||    20
       Potion            |       |     1 |       |     4 ||     5
 Stab: Sleeping          |     9 |     5 |    21 |    25 ||    60
       Distracted        |       |     1 |       |     1 ||     2
       Confused          |       |       |     6 |     9 ||    15
       Invisible         |       |       |       |     3 ||     3
Armor: Robe              |    31 |    31 |    59 |       ||   121
       Steam dragon scal |       |       |       |    48 ||    48
       Acid dragon scale |       |       |       |    83 ||    83
Dodge: Dodged            |    46 |    47 |   138 |   166 ||   397
Block: Other             |       |     6 |    51 |    51 ||   108
       Reflection        |       |       |       |     2 ||     2

Table legend: (Time is in decaauts)
 A = Elapsed time spent in this place.
 B = Non-inter-level travel time spent in this place.
 C = Inter-level travel time spent in this place.
 D = Time resting spent in this place.
 E = Time spent auto-exploring this place.
 F = Levels seen in this place.
 G = Mean time per level.
                   A        B        C        D        E       F      G
               +--------+--------+--------+--------+--------+-----+--------+
         Total |  11107 |  10715 |    392 |   2201 |   6596 |  11 | 1009.7 |
       Dungeon |  10830 |  10477 |    353 |   2201 |   6372 |  10 | 1083.0 |
        Temple |    276 |    238 |     38 |      0 |    224 |   1 |  276.0 |
               +--------+--------+--------+--------+--------+-----+--------+

Top non-repeatable levels by time:
     D:9: 1710 daAuts
     D:1: 1407 daAuts
     D:8: 1202 daAuts
     D:2: 1195 daAuts
     D:5: 1181 daAuts
     D:6: 1125 daAuts
     D:3: 1093 daAuts
     D:7: 847 daAuts
     D:4: 603 daAuts
    D:10: 464 daAuts
  Temple: 276 daAuts
